 Dungeon Crawl Stone Soup version 0.18-a0-1017-gae0b928 (webtiles) character file.

332206 sugabear the Bludgeoner (level 21, -6/121 HPs)
             Began as a Vine Stalker Gladiator on Jan 6, 2016.
             Was the Champion of Qazlal.
             Shot with a bolt by a yaktaur captain (17 damage)
             ... on level 1 of the Vaults on Jan 7, 2016.
             The game lasted 02:04:40 (40837 turns).

sugabear the Bludgeoner (Vine Stalker Gladiator)   Turns: 40837, Time: 02:04:40

Health: -6/121     AC: 34    Str: 25    XL:     21   Next: 78%
Magic:  0/30       EV: 18    Int:  9    God:    Qazlal [******]
Gold:   2973       SH: 13    Dex: 23    Spells: 0 memorised, 20 levels left

rFire  + . .     SeeInvis +     a - +9 eveningstar (freeze)
rCold  + . .     Gourm    .     Z - +3 plate armour {MR+}
rNeg   + + .     Faith    .     (no shield)
rPois  +         Spirit   +     Q - +2 helmet {SInv}
rElec  +         Dismiss  .     U - +0 cloak of Duty {rPois rC+} (curse)
rCorr  +         Reflect  +     Y - +3 pair of gloves of Zin's Delight {rPois rCorr Int+3}
SustAt .         Harm     .     C - +1 pair of boots
MR     +++..                    m - +5 amulet of reflection
Stlth  ..........               n - ring of Ruom {rElec rN++ EV+1 Int-2 Stlth+}
                                c - ring of Abstinence {rElec rF+ Str+3 Dex+2}

@: protected from physical damage, repel missiles, extremely resistant to
hostile enchantments, extremely unstealthy
A: fangs 3, blink, poison resistance, regeneration 3, magic shield, antimagic
bite, no device heal 3, rot immunity
a: Blink, Upheaval, Elemental Force, Disaster Area, Renounce Religion
}: 2/15 runes: serpentine, barnacled


You were on level 1 of the Vaults.
You worshipped Qazlal.
Qazlal was exalted by your worship.
You were hungry.

You visited 8 branches of the dungeon, and saw 38 of its levels.
You also visited: Ice Cave and Volcano.

You collected 4035 gold pieces.
You spent 1062 gold pieces at shops.

Inventory:

Hand Weapons
 a - a +9 eveningstar of freezing (weapon)
 b - a +3 hunting sling of freezing
 t - a +3 flail of holy wrath
Missiles
 d - 33 javelins of returning (quivered)
 q - 986 stones
Armour
 r - a +0 ice dragon armour
 x - a +1 fire dragon armour
 C - a +1 pair of boots (worn)
 E - a +2 buckler
 Q - a +2 helmet of see invisible (worn)
 U - the cursed +0 cloak of Duty (worn) {rPois rC+}
   (You found it on level 2 of the Snake Pit)

   It protects you from cold.
   It protects you from poison.
   It has a curse placed upon it.
 Y - the +3 pair of gloves of Zin's Delight (worn) {rPois rCorr Int+3}
   (You bought it in a shop on level 12 of the Dungeon)

   It affects your intelligence (+3).
   It protects you from poison.
   It protects you from acid and corrosion.
 Z - a +3 plate armour of magic resistance (worn)
Rods
 V - a +5 rod of shadows (13/13)
   (You took it off a deep elf annihilator on level 3 of the Elven Halls)
Jewellery
 c - the ring of Abstinence (left hand) {rElec rF+ Str+3 Dex+2}
   (You found it on level 10 of the Dungeon)

   [ring of protection from fire]

   It affects your strength (+3).
   It affects your dexterity (+2).
   It protects you from fire.
   It insulates you from electricity.
 m - a +5 amulet of reflection (around neck)
 n - the ring of Ruom (right hand) {rElec rN++ EV+1 Int-2 Stlth+}
   (You took it off a deep elf death mage on level 3 of the Elven Halls)

   [ring of evasion]

   It affects your evasion (+1).
   It affects your intelligence (-2).
   It insulates you from electricity.
   It greatly protects you from negative energy.
   It makes you more stealthy.
 B - an uncursed ring of protection from fire
 W - an uncursed ring of protection from cold
 X - the ring "Yphyu" {+Blink rPois rC- MR+++ Stlth+}
   (You took it off a deep elf annihilator on level 3 of the Elven Halls)

   [ring of poison resistance]

   It makes you vulnerable to cold.
   It protects you from poison.
   It affects your resistance to hostile enchantments.
   It lets you blink.
   It makes you more stealthy.
Wands
 k - a wand of disintegration (17/24)
 l - a wand of paralysis (13/24)
 K - a wand of teleportation (6/9)
 M - a wand of hasting (2/9)
 N - a wand of fire (11/15)
 O - a wand of cold (13/15)
 P - a wand of digging (10/24)
 T - a wand of draining (7/15)
Scrolls
 h - 14 scrolls of teleportation
 o - 2 scrolls of acquirement
 p - 7 scrolls of recharging
 u - 4 scrolls of enchant armour
 w - 2 scrolls of enchant weapon
 y - 19 scrolls of remove curse
 z - 2 scrolls of silence
 A - 8 scrolls of identify
 D - 2 scrolls of magic mapping
 I - 2 scrolls of brand weapon
 L - 2 scrolls of blinking
 R - 3 scrolls of fog
 S - 5 scrolls of fear
Potions
 e - 14 potions of curing
 i - 4 potions of cancellation
 j - 5 potions of might
 s - a potion of flight
 v - 3 potions of berserk rage
 F - 4 potions of agility
 G - 3 potions of haste
Comestibles
 f - 16 bread rations
 g - 11 meat rations
 H - 16 beef jerkies
 J - 14 fruits


   Skills:
 + Level 17.0 Fighting
 - Level 18.6 Maces & Flails
 - Level 7.0(8.2) Slings
 - Level 6.5(8.0) Throwing
 * Level 13.8 Armour
 * Level 12.3 Dodging
 - Level 3.1 Stealth
 + Level 3.5 Shields
 - Level 11.2 Invocations
 - Level 0.5 Evocations


You had 20 spell levels left.
You didn't know any spells.

Dungeon Overview and Level Annotations

Branches:
Dungeon (15/15)            Temple (1/1) D:6            Lair (8/8) D:8
 Shoals (4/4) Lair:3        Snake (4/4) Lair:5        Slime (0/6) Lair:7
    Orc (2/2) D:12            Elf (3/3) Orc:2        Vaults (1/5) D:13
 Depths (0/5) D:15

Altars:
Ashenzari
Cheibriados
Dithmenos
Elyvilon
Fedhas
Gozag
Kikubaaqudgha
Makhleb
Nemelex Xobeh
Okawaru
Pakellas
Qazlal
Ru
Sif Muna
Trog
Vehumet
Xom
Yredelemnul
Zin
The Shining One
Beogh
Jiyva

Shops:
D:7 *   D:12 [   Orc:1 *   Orc:2 %:!?[

Portals:
Hell: Lair:8


Innate Abilities, Weirdness & Mutations

You have razor-sharp teeth.
You regenerate.
When hurt, damage is shared between your health and your magic reserves.
Your bite disrupts and absorbs the magic of your enemies.
Potions and wands cannot restore your health.
You are immune to rotting.
You can translocate small distances at will.
Your system is resistant to poisons.


Message History

You are too injured to fight recklessly!
You are too injured to fight recklessly!
Unknown command.
You are too injured to fight recklessly!
Unknown command.
You sock the vault guard! You freeze the vault guard.
You kill the vault guard!
Qazlal accepts your kill.
The yaktaur captain is engulfed in roaring flames.
The yaktaur captain barely misses you.
You block the ironbrand convoker's attack.
The vault sentinel hits you but does no damage.
The vault warden hits you with a long sword!!
* * * LOW HITPOINT WARNING * * *
Unknown command.
The orc knight is engulfed in freezing vapours.
The yaktaur captain is engulfed in roaring flames.
The yaktaur captain wields a glowing arbalest.
It is covered in frost.
The yaktaur captain shoots a bolt.
The bolt hits you!!
You die...

#......#§.....'...
#......#.§....#...
#......#......#§.. #
#......########... #.
#..>...# #... .. #......#
#... ####+#########++####
#### .........(..§..§.#
.....(....(p§@§..# ###
..........§p÷o§..#####.####
......†....c§p)§.##≈≈..(≈≈#
.........))(§§§..##≈.§..≈≈#
############)...)##≈..§§.≈##
#.)...+)..§§§...#
#(....##))§§§..##
#)....##§≈...§≈#
#...(.##≈≈≈.≈≈≈#


You could see a vault warden, a yaktaur captain, an orc knight, a vault sentinel
and an ironbrand convoker.

Vanquished Creatures
  Norris (Snake:3)
  An Ice Fiend (IceCv)
  A deep elf blademaster (Elf:1)
  A deep elf master archer (Elf:3)
  2 krakens
  A shadow dragon (D:14)
  11 greater nagas
  Ilsuiw (Shoals:3)
  Maud (Orc:2)
  A frost giant (D:14)
  Aizul (Vaults:1)
  4 deep elf sorcerers (Elf:3)
  3 deep elf elementalists (Elf:3)
  5 vault wardens (Vaults:1)
  2 ironheart preservers (Vaults:1)
  The ghost of venerati the Spear-Bearer, a journeyman HuFi of Nemelex Xobeh (Snake:2)
  3 deep elf demonologists (Elf:3)
  A dire elephant (D:15)
  The ghost of sugabear the Carver, a journeyman VSGl of Qazlal (Orc:2)
  4 deep elf annihilators (Elf:3)
  The ghost of inqbanana the Impaler, a journeyman MfAK of Lugonu (Lair:8)
  8 merfolk javelineers
  5 deep elf death magi
  A yaktaur captain (Vaults:1)
  13 merfolk impalers
  An ettin (Orc:1)
  13 vault guards
  2 fire dragons
  A deep elf high priest (Elf:3)
  Josephine (D:13)
  An ice dragon (Lair:7)
  9 hydras
  3 centaur warriors
  10 naga warriors
  6 merfolk aquamancers
  3 catoblepae
  A merfolk avatar (Shoals:4)
  18 anacondas
  2 tengu warriors (D:13)
  4 ogre magi
  6 death yaks
  34 dancing weapons
  6 shock serpents
  16 naga sharpshooters
  5 orc high priests (Orc:2)
  A sun demon (Lair:7)
  21 deep elf knights
  A salamander mystic (Snake:4)
  Sonja (Lair:4)
  12 sea snakes
  4 skeletal warriors
  2 unseen horrors
  9 naga ritualists
  9 deep elf archers
  9 orc knights
  A wizard (Lair:8)
  6 ironbrand convokers (Vaults:1)
  13 hill giants
  12 mana vipers
  9 harpies
  75 deep elf magi
  3 wolf spiders
  13 ugly things
  8 salamanders
  An orc sorcerer (Orc:1)
  2 wolf spider zombies
  7 griffons
  A sixfirhy (Lair:8)
  4 fauns (Shoals:2)
  11 cyclopes
  4 water nymphs
  10 manticores
  17 naga magi
  12 sirens
  An octopode (shapeshifter) (D:10)
  4 ice statues
  4 elephants (Lair:7)
  50 black mambas
  13 guardian serpents
  A gargoyle (D:12)
  3 vault sentinels (Vaults:1)
  13 spiny frogs
  3 orange demons
  3 kobold demonologists
  10 yaktaurs
  10 komodo dragons
  A fire drake (shapeshifter) (D:14)
  An anaconda simulacrum (IceCv)
  9 fire drakes
  A hellwing (Lair:8)
  An efreet (D:13)
  2 freezing wraiths
  15 ice devils
  A tengu conjurer (D:13)
  4 polar bears
  4 trolls
  4 red devils (Lair:8)
  34 merfolk
  A queen bee (shapeshifter) (Vaults:1)
  A jumping spider (shapeshifter) (D:14)
  A wind drake (shapeshifter) (D:14)
  A wind drake (Shoals:3)
  14 two-headed ogres
  3 boulder beetles
  10 slime creatures
  3 blink frogs (Lair:6)
  9 snapping turtles
  3 redbacks (Vaults:1)
  An air elemental (Elf:2)
  15 water elementals
  7 wraiths
  A centaur simulacrum (D:15)
  A vampire (D:11)
  A dire elephant simulacrum (IceCv)
  2 wyverns (Lair:5)
  50 yaks
  3 fire elementals (Elf:1)
  A hungry ghost (D:7)
  A fire bat (shapeshifter) (Vaults:1)
  A basilisk (Lair:7)
  7 vampire mosquitoes (Vaults:1)
  9 hippogriffs
  A steam dragon (Lair:8)
  55 nagas
  9 wargs
  A mottled dragon (D:13)
  17 wolves
  A soldier ant (D:11)
  An iron troll simulacrum (IceCv)
  3 harpy simulacra (IceCv)
  A water moccasin (shapeshifter) (Elf:2)
  2 hydra simulacra (IceCv)
  10 water moccasins
  9 porcupines
  An ice beast (shapeshifter) (Vaults:1)
  5 sky beasts
  2 black bears
  3 phantoms
  An eye of draining (D:12)
  8 ice beasts
  50 orc warriors
  2 ettin simulacra (IceCv)
  The ghost of soggyiguana the Ducker, an amateur DsGl (D:3)
  16 centaurs
  31 ogres
  16 crocodiles
  5 big kobolds
  13 giant frogs
  5 earth elementals
  2 gnoll sergeants
  A wyvern skeleton (D:12)
  A wyvern zombie (D:14)
  4 scorpions
  A scorpion (shapeshifter) (Elf:3)
  A water moccasin skeleton (D:4)
  9 killer bees
  9 wights
  An electric eel (Lair:1)
  6 crimson imps
  4 giant frog zombies
  3 centaur zombies
  A quasit (D:10)
  9 hounds
  2 jellies
  Crazy Yiuf (D:2)
  19 orc priests
  2 giant frog skeletons
  31 orc wizards
  7 centaur skeletons
  4 gnoll shamans
  Jessica (D:3)
  Terence (D:2)
  10 iguanas
  17 worker ants
  22 sheep
  3 hound skeletons
  Robin (D:2)
  36 gnolls
  15 adders
  74 river rats
  2 shadow imps
  14 white imps
  An ooze (D:6)
  2 adder zombies
  4 worms
  4 giant geckos
  121 orcs
  3 giant cockroaches
  21 goblins
  9 hobgoblins
  9 jackals
  5 quokkas
  4 ball pythons
  6 bats
  A giant gecko skeleton (D:5)
  5 giant newts
  27 kobolds
  8 rats
  A spectral orc (D:9)
  2 crawling corpses (Elf:3)
  68 fungi
  126 plants
  6 tentacles
  A tentacle segment (Shoals:1)
1849 creatures vanquished.

Vanquished Creatures (collateral kills)
  Frances (Elf:1)
  The ghost of inqbanana the Nimble, a journeyman MfAK of Lugonu (D:11)
  The ghost of cat the Grappler, a novice TrBe of Trog (D:11)
  A slime creature (D:12)
  2 wolves (Lair:8)
  An orc (D:11)
7 creatures vanquished.

Vanquished Creatures (others)
  A deep elf master archer (Elf:3)
  A naga warrior (Snake:4)
  A naga sharpshooter (Snake:4)
  A deep elf knight (Elf:3)
  An unseen horror (Vaults:1)
  A naga ritualist (Snake:4)
  A deep elf archer (Elf:2)
  A cyclops (Shoals:2)
  A wolf (Lair:8)
  An ice beast (Lair:6)
  A centaur (D:6)
  An orc warrior (Orc:2)
  A crimson imp (D:13)
  A giant frog zombie (D:6)
  An orc wizard (D:4)
  A sheep (Shoals:4)
  2 adders (D:6)
  A river rat (Lair:8)
  A kobold (D:10)
  17 fungi
  21 plants
  7 tentacles
  243 tentacle segments
308 creatures vanquished.

Grand Total: 2164 creatures vanquished

Notes
Turn   | Place    | Note
--------------------------------------------------------------
     0 | D:1      | sugabear the Vine Stalker Gladiator began the quest for the Orb.
     0 | D:1      | Reached XP level 1. HP: 11/11 MP: 2/2
    53 | D:1      | Reached XP level 2. HP: 13/15 MP: 1/3
    54 | D:1      | Reached skill level 3 in Maces & Flails
    91 | D:1      | Reached XP level 3. HP: 6/18 MP: 2/4
   569 | D:2      | Noticed Robin
   606 | D:2      | Killed Robin
   606 | D:2      | Reached skill level 1 in Armour
   606 | D:2      | Reached XP level 4. HP: 15/23 MP: 5/5
   810 | D:2      | Noticed Crazy Yiuf
   817 | D:2      | Killed Crazy Yiuf
   939 | D:2      | Found an oddly glowing altar of Pakellas.
   976 | D:2      | Reached XP level 5. HP: 12/27 MP: 6/6
  1063 | D:2      | Noticed Terence
  1071 | D:2      | Killed Terence
  1329 | D:3      | Noticed soggyiguana's ghost (amateur DsGl)
  1430 | D:3      | Killed soggyiguana's ghost
  1430 | D:3      | Gained mutation: You heal very quickly. [Vine Stalker growth]
  1430 | D:3      | Reached XP level 6. HP: 21/32 MP: 7/7
  1533 | D:3      | Noticed Jessica
  1538 | D:3      | Killed Jessica
  1618 | D:3      | Found a radiant altar of Vehumet.
  1851 | D:3      | Found a sacrificial altar of Ru.
  1934 | D:3      | Reached skill level 4 in Dodging
  2392 | D:4      | Reached XP level 7. HP: 22/36 MP: 8/8
  2979 | D:4      | Gained mutation: You have razor-sharp teeth. [Vine Stalker growth]
  2979 | D:4      | Reached XP level 8. HP: 37/42 MP: 9/9
  3126 | D:4      | Reached skill level 1 in Stealth
  3163 | D:5      | Entered Level 5 of the Dungeon
  3235 | D:5      | Found a shadowy altar of Dithmenos.
  3324 | D:5      | Found a bloodstained altar of Trog.
  3381 | D:5      | Reached skill level 5 in Dodging
  3439 | D:5      | Found a burning altar of Makhleb.
  3469 | D:5      | Found a glowing golden altar of the Shining One.
  4289 | D:6      | Reached skill level 5 in Maces & Flails
  4410 | D:6      | Reached XP level 9. HP: 43/46 MP: 10/10
  4541 | D:6      | Found a staircase to the Ecumenical Temple.
  4569 | Temple   | Entered the Ecumenical Temple
  4656 | Temple   | Became a worshipper of Qazlal Stormbringer
  4945 | D:6      | Found a shimmering altar of Xom.
  5279 | D:7      | Reached skill level 1 in Invocations
  5281 | D:7      | Reached skill level 5 in Fighting
  5308 | D:7      | Reached * piety under Qazlal
  5360 | D:7      | Found Caudgh's General Store.
  5368 | D:7      | Bought a potion of curing for 45 gold pieces
  5467 | D:7      | Reached skill level 6 in Dodging
  6284 | D:7      | Found a deep blue altar of Sif Muna.
  6610 | D:8      | Found a staircase to the Lair.
  6813 | D:8      | Reached XP level 10. HP: 36/51 MP: 13/13
  7063 | D:8      | Noticed a hill giant
  7063 | D:8      | Reached skill level 1 in Slings
  7073 | D:8      | Killed a hill giant
  7265 | D:8      | Found a white marble altar of Elyvilon.
  7396 | D:8      | Found an ancient bone altar of Kikubaaqudgha.
  7397 | D:8      | Found a snail-covered altar of Cheibriados.
  7399 | D:8      | Found a shattered altar of Ashenzari.
  7563 | Lair:1   | Entered Level 1 of the Lair of Beasts
  7673 | Lair:1   | Reached ** piety under Qazlal
  8025 | Lair:1   | Noticed a spiny frog
  8037 | Lair:1   | Killed a spiny frog
  8047 | Lair:1   | Noticed a spiny frog
  8059 | Lair:1   | Killed a spiny frog
  8059 | Lair:1   | Reached skill level 7 in Maces & Flails
  8391 | Lair:1   | Noticed a black mamba
  8402 | Lair:1   | Killed a black mamba
  8402 | Lair:1   | Reached skill level 5 in Invocations
  8780 | Lair:1   | Reached skill level 5 in Throwing
  8973 | D:9      | Reached skill level 5 in Armour
  8977 | D:9      | Reached XP level 11. HP: 52/56 MP: 15/15
  9132 | D:9      | Found a sparkling altar of Nemelex Xobeh.
  9149 | D:9      | Reached *** piety under Qazlal
  9477 | D:9      | Found a basalt altar of Yredelemnul.
  9667 | D:10     | Entered Level 10 of the Dungeon
  9810 | D:10     | Reached **** piety under Qazlal
 10030 | D:10     | Noticed a deep elf mage
 10048 | D:10     | Killed a deep elf mage
 10085 | D:10     | Reached skill level 8 in Maces & Flails
 10227 | D:10     | Reached ***** piety under Qazlal
 10570 | D:10     | Got a scintillating bronze ring
 10572 | D:10     | Identified the ring of Abstinence {rElec rF+ Str+3 Dex+2} (You found it on level 10 of the Dungeon)
 11004 | D:11     | Noticed cat's ghost (novice TrBe)
 11021 | D:11     | Killed cat's ghost
 11021 | D:11     | Gained mutation: You regenerate. [Vine Stalker growth]
 11021 | D:11     | Reached XP level 12. HP: 33/63 MP: 10/18
 11382 | D:11     | Found a white marble altar of Elyvilon.
 11499 | D:11     | Noticed inqbanana's ghost (journeyman MfAK)
 11513 | D:11     | Killed inqbanana's ghost
 11695 | Lair:2   | Reached skill level 9 in Maces & Flails
 12365 | Lair:3   | Noticed a catoblepas
 12630 | Lair:3   | Killed a catoblepas
 12693 | Lair:3   | Noticed a five-headed hydra
 12705 | Lair:3   | Killed a five-headed hydra
 12871 | Lair:3   | Noticed a six-headed hydra
 12881 | Lair:3   | Killed a six-headed hydra
 12964 | Lair:3   | Found a staircase to the Shoals.
 13385 | Lair:4   | Noticed Sonja
 13463 | Lair:4   | Killed Sonja
 13798 | Lair:4   | Noticed a four-headed hydra
 13807 | Lair:4   | Killed a four-headed hydra
 13965 | Lair:4   | Reached XP level 13. HP: 58/68 MP: 20/20
 14406 | Lair:4   | Reached skill level 5 in Slings
 14568 | Lair:4   | HP: 1/68 [black mamba (3)]
 14573 | Lair:4   | HP: 2/68 [poisoned by a black mamba]
 14747 | Lair:5   | Reached skill level 10 in Maces & Flails
 14885 | Lair:5   | Found a staircase to the Snake Pit.
 15574 | Lair:6   | Reached ****** piety under Qazlal
 16379 | Lair:7   | Noticed an ice dragon
 16921 | Lair:7   | Killed an ice dragon
 17425 | Lair:7   | Reached XP level 14. HP: 72/74 MP: 22/22
 17478 | Lair:7   | Found a staircase to the Slime Pits.
 17482 | Lair:7   | Found a viscous altar of Jiyva.
 17819 | Lair:7   | Got a bound bronze ring
 17825 | Lair:7   | Got a steaming chain mail
 17839 | Lair:7   | Identified the +2 chain mail of Evolution {Stlth+} (You found it on level 7 of the Lair of Beasts)
 17853 | Lair:7   | Identified the ring "Japyurey" {Fire Int+5} (You found it on level 7 of the Lair of Beasts)
 17869 | Lair:8   | Entered Level 8 of the Lair of Beasts
 18174 | Lair:8   | Reached skill level 10 in Invocations
 18180 | Lair:7   | Reached skill level 11 in Maces & Flails
 18673 | Lair:8   | Noticed inqbanana's ghost (journeyman MfAK)
 19005 | Lair:8   | Killed inqbanana's ghost
 19435 | Lair:8   | Found a burning altar of Makhleb.
 19448 | Lair:8   | Found a gateway to Hell.
 20065 | D:12     | Found Punekh's Antique Armour Emporium.
 20070 | D:12     | Bought a slimy ring mail for 333 gold pieces
 20070 | D:12     | Bought a pair of translucent gloves for 351 gold pieces
 20080 | D:12     | Identified the cursed +1 ring mail "Nakkea" {+Blink MP+9 SInv} (You bought it in a shop on level 12 of the Dungeon)
 20085 | D:12     | Identified the +3 pair of gloves of Zin's Delight {rPois rCorr Int+3} (You bought it in a shop on level 12 of the Dungeon)
 20087 | D:12     | Identified a scroll of acquirement
 20172 | D:12     | Reached XP level 15. HP: 32/80 MP: 24/24
 20210 | D:12     | Found a staircase to the Orcish Mines.
 20444 | Orc:1    | Entered Level 1 of the Orcish Mines
 20535 | Orc:1    | Found a dark tunnel.
 20544 | Orc:1    | Found Buqous's Assorted Antiques.
 20554 | Orc:1    | Paralysed by an orc sorcerer for 3 turns
 20564 | Volcano  | Entered a volcano
 20575 | Volcano  | Got a pair of distressingly furry gloves
 20668 | Volcano  | Identified the +1 pair of gloves "Iqanwufe" {MR+} (You found it in a volcano)
 20754 | Orc:1    | Reached skill level 10 in Fighting
 20754 | Orc:1    | Reached skill level 12 in Maces & Flails
 21282 | Orc:2    | Entered Level 2 of the Orcish Mines
 21350 | Orc:2    | Noticed sugabear's ghost (journeyman VSGl)
 21372 | Orc:2    | Killed sugabear's ghost
 21576 | Orc:2    | Found Irawnick's Food Shop.
 21819 | Orc:2    | Noticed Maud
 21887 | Orc:2    | Killed Maud
 22586 | Orc:2    | Reached skill level 13 in Maces & Flails
 22729 | Orc:2    | Found a roughly hewn altar of Beogh.
 22738 | Orc:2    | Found a staircase to the Elven Halls.
 22824 | Orc:2    | Found Noddu's Armour Shoppe.
 22827 | Orc:2    | Found Ybba Rei's Book Shoppe.
 22828 | Orc:2    | Found Vauvagish's Magic Scroll Shoppe.
 22829 | Orc:2    | Found Eddas's Distillery.
 22836 | Orc:2    | Bought a +2 cloak of poison resistance for 333 gold pieces
 23198 | D:13     | Noticed Josephine
 23215 | D:13     | Killed Josephine
 23286 | D:13     | Reached XP level 16. HP: 70/85 MP: 25/25
 23299 | D:13     | Reached skill level 14 in Maces & Flails
 23355 | D:13     | Found a gate to the Vaults.
 23868 | D:14     | Found a large runed door.
 23869 | D:14     | Found a large runed door.
 24932 | D:14     | Reached skill level 15 in Maces & Flails
 24938 | D:14     | Noticed a shadow dragon
 24957 | D:14     | Killed a shadow dragon
 24978 | D:14     | Found an opulent altar of Gozag.
 24981 | D:14     | Found an ancient bone altar of Kikubaaqudgha.
 25021 | D:15     | Entered Level 15 of the Dungeon
 25358 | D:15     | Found a staircase to the Depths.
 25678 | D:15     | Reached skill level 16 in Maces & Flails
 26111 | Elf:1    | Entered Level 1 of the Elven Halls
 26135 | Elf:1    | Found a radiant altar of Vehumet.
 26344 | Elf:1    | Noticed Frances
 26358 | Elf:1    | Killed Frances
 26358 | Elf:1    | Reached XP level 17. HP: 62/89 MP: 26/26
 26534 | Elf:1    | Reached skill level 17 in Maces & Flails
 26740 | Elf:1    | Got a pair of translucent gloves
 26751 | Elf:1    | Identified the +2 pair of gloves of the Grey Skies {rElec Dex+3} (You found it on level 1 of the Elven Halls)
 27750 | Elf:2    | Reached skill level 18 in Maces & Flails
 28001 | Elf:2    | Found a runed gate.
 28001 | Elf:2    | Found a runed gate.
 28002 | Elf:2    | Found a runed gate.
 28048 | Elf:2    | Noticed a deep elf blademaster
 28072 | Elf:2    | HP: 3/89 [deep elf blademaster/rapier (11)]
 28220 | Elf:1    | Killed a deep elf blademaster
 28891 | Elf:2    | Reached XP level 18. HP: 96/96 MP: 27/27
 29160 | Elf:3    | Entered Level 3 of the Elven Halls
 30282 | Elf:3    | Got a serpentine lapis lazuli ring
 30284 | Elf:3    | Identified the ring of Ruom {rElec rN++ EV+1 Int-2 Stlth+} (You took it off a deep elf death mage on level 3 of the Elven Halls)
 30542 | Elf:3    | Noticed an Ice Fiend
 30706 | Elf:3    | Noticed a deep elf master archer
 30711 | Elf:3    | Killed a deep elf master archer
 30853 | Elf:3    | Got a warped turquoise ring
 30855 | Elf:3    | Got a bronze leather armour
 30879 | Elf:3    | Identified the ring "Yphyu" {+Blink rPois rC- MR+++ Stlth+} (You took it off a deep elf annihilator on level 3 of the Elven Halls)
 30890 | Elf:3    | Identified the +1 leather armour of Hax Ittuople {+Inv rCorr Str-2} (You took it off a deep elf annihilator on level 3 of the Elven Halls)
 30938 | Elf:3    | Identified a +5 rod of shadows (13/13) (You took it off a deep elf annihilator on level 3 of the Elven Halls)
 30947 | Elf:3    | Noticed a deep elf master archer
 31020 | Elf:3    | Killed a deep elf master archer
 31870 | Shoals:1 | Entered Level 1 of the Shoals
 32581 | Shoals:2 | Reached XP level 19. HP: 107/107 MP: 28/28
 32923 | Shoals:2 | Found a frozen archway.
 32939 | IceCv    | Entered an ice cave
 33109 | IceCv    | Noticed an Ice Fiend
 33119 | IceCv    | Killed an Ice Fiend
 33787 | Shoals:3 | Reached skill level 10 in Dodging
 33814 | Shoals:3 | Reached skill level 15 in Fighting
 33817 | Shoals:3 | HP: 4/108 [drowned by a water nymph (10)]
 34237 | Shoals:3 | Gained mutation: Your system is resistant to poisons. [potion of beneficial mutation]
 34551 | Shoals:4 | Entered Level 4 of the Shoals
 34561 | Shoals:4 | Noticed Ilsuiw
 34593 | Shoals:3 | Killed Ilsuiw
 34917 | Shoals:3 | Reached skill level 10 in Armour
 35277 | Shoals:4 | Got a barnacled rune of Zot
 35460 | Shoals:4 | Got a brightly glowing glaive {chop}
 35461 | Shoals:4 | Identified the +3 glaive "Postay" {chop, +Rage rC+} (You took it off a merfolk on level 4 of the Shoals)
 36180 | Snake:1  | Entered Level 1 of the Snake Pit
 36191 | Snake:1  | Reached XP level 20. HP: 114/114 MP: 29/29
 37040 | Snake:2  | Noticed venerati's ghost (journeyman HuFi)
 37052 | Snake:2  | Killed venerati's ghost
 37611 | Snake:2  | Got a warped cloak
 37622 | Snake:2  | Identified the cursed +0 cloak of Duty {rPois rC+} (You found it on level 2 of the Snake Pit)
 37690 | Snake:2  | Found an iron altar of Okawaru.
 37853 | Snake:3  | Noticed Norris
 38073 | Snake:3  | Killed Norris
 38742 | Snake:4  | Entered Level 4 of the Snake Pit
 39243 | Snake:4  | Reached XP level 21. HP: 39/120 MP: 11/30
 39848 | Snake:4  | Gained mutation: You can translocate small distances at will. [potion of beneficial mutation]
 40009 | Snake:4  | Got a serpentine rune of Zot
 40386 | Vaults:1 | Entered Level 1 of the Vaults
 40454 | Vaults:1 | Noticed Aizul
 40463 | Vaults:1 | Killed Aizul
 40463 | Vaults:1 | Reached skill level 1 in Shields
 40837 | Vaults:1 | Shot with a bolt by a yaktaur captain

Vault maps used:
D:1:      lightli_arrival_boilingwater
D:2:      kennysheep_the_goblin_king, first_bread, grunt_pakellas_basics,
          uniq_robin, uniq_crazy_yiuf_cottage, uniq_terence
D:3:      lemuel_crystal_altar, lemuel_crystal_altar, uniq_jessica
D:4:      serial_glass, glass_columns_a, glass_columns_b, glass_columns_a
D:5:      nicolae_overflow_hidden_temple, overflow_temple_1_default,
          kennysheep_little_box, minmay_door_square, tso_metal_star
D:6:      xom_confusion_cloud, minmay_temple_entry_trees, lemuel_another_geyser
D:7:      kennysheep_mini, serial_shops, shop, grunt_ogre_cave
D:8:      minitemple, due_lair_maze_entry_diamond
D:9:      yredelemnul_forgotten_temple_becter, overflow_temple_1_default
D:10:     minmay_wavy_crystal
D:11:     elyvilon_altar_5
D:12:     orc_0_dummy, serial_shops, shop
D:13:     lightli_vaults_fourway_checkpoint, uniq_josephine
D:14:     kennysheep_seaside_town, moated_statue, jmf_multi_god_temple2
D:15:     hangedman_depths_entry_try_elsewhere_first
Temple:   hc_temple_tempest_star
Lair:1:   grunt_forest_large_clearings, infiniplex_staircase_pool
Lair:2:   serial_bayou_shore_b, serial_bayou_shore_b, grunt_megastairs_5
Lair:3:   minmay_shoals_entry_centaurs, fungi_pond_lemuel, guppyfry_lair_drakes
Lair:4:   st_stairs_11, uniq_sonja
Lair:5:   minmay_snake_entry_six_corridors, grunt_megastairs_3,
          serial_bayou_shore_b
Lair:7:   slime_altar_1, ice2_lemuel
Lair:8:   evil_forest, lemuel_fruit_fields
Shoals:2: portal_ice_cave_entry_imps
Shoals:4: shoals_end_simple, shoal_ilsuiw, nicolae_shoals_hunting_party
Snake:1:  nicolae_snake_double_loop, basic_loot_grate_trap, lemuel_fruit_tree
Snake:2:  basic_altar, grunt_megastairs_4
Snake:3:  serial_bayou_ford_a, uniq_norris
Snake:4:  grunt_snake_rune_serpentine_throne
Orc:1:    nicolae_volcano_entry_lava_flow, serial_shops, shop,
          statue_in_the_mist_lemuel, nooodl_orcs_dogs
Orc:2:    st_orc_pillars, serial_shops, shop, basic_altar, uniq_maud
Elf:1:    eino_elf_arrival_altar, hangedman_elven_crosses_minicolossus,
          item_on_display_a, uniq_frances
Elf:2:    grunt_ministairs_7, minmay_misc_feat_columns
Elf:3:    minmay_elf_hall_dome, serial_corexii_hall, corexii_hall_statues_i,
          corexii_hall_statues_l
Vaults:1: vaults_standard_mumra_enter_the_diamond, nicolae_vaults_meeting,
          nicolae_vaults_border_crossing, vaults_room_grid, vaults_dpeg_ring,
          nicolae_vaults_puzzle_piece, ontoclasm_vaults_pinch, serial_ice_m,
          ontoclasm_vaults_twist, v_pattern_3, vaults_dpeg_spiral, v_misc_3,
          v_misc_15, nicolae_vaults_little_squares_3, vaults_dpeg_hooks,
          serial_shops, shop, uniq_aizul
IceCv:    ice_cave_tombish
Volcano:  volcano_caves

Action                   |  1- 3 |  4- 6 |  7- 9 | 10-12 | 13-15 | 16-18 | 19-21 || total
-------------------------+-------+-------+-------+-------+-------+-------+-------++-------
Melee: Flail             |    83 |   156 |   174 |       |       |       |   128 ||   541
       Unarmed           |       |     2 |       |       |       |       |       ||     2
       Blowgun           |       |       |     8 |       |       |       |       ||     8
       Dire flail        |       |       |   132 |    30 |       |       |       ||   162
       Great mace        |       |       |       |   451 |  1131 |   751 |       ||  2333
       Eveningstar       |       |       |       |       |       |   487 |  1227 ||  1714
 Fire: Blowgun           |       |       |    68 |    61 |    42 |     3 |       ||   174
       Hunting sling     |       |       |    18 |   110 |   126 |     4 |    11 ||   269
Throw: Throwing net      |       |     2 |       |     1 |       |       |       ||     3
Invok: Elemental Force   |       |       |       |     1 |     2 |     1 |       ||     4
       Upheaval          |       |       |       |       |       |       |     4 ||     4
       Disaster Area     |       |       |       |       |       |       |     1 ||     1
 Abil: Evoke Blink       |       |       |       |       |       |     1 |       ||     1
Evoke: Lamp of fire      |       |       |       |     1 |       |     1 |       ||     2
       Wand              |       |       |       |       |     1 |       |       ||     1
       Rod               |       |       |       |       |       |     3 |     4 ||     7
       Phial of floods   |       |       |       |       |       |     1 |       ||     1
  Use: Scroll            |       |     3 |     2 |    18 |     8 |    12 |    10 ||    53
       Potion            |       |       |       |     9 |     2 |       |     3 ||    14
 Stab: Held in net/web   |       |     1 |       |     1 |       |       |       ||     2
       Sleeping          |       |       |     3 |       |       |       |       ||     3
       Distracted        |       |       |       |       |       |     2 |       ||     2
  Eat: Chunk             |       |     4 |    11 |    22 |    28 |    13 |    12 ||    90
       Meat ration       |       |       |     1 |       |       |       |       ||     1
       Royal jelly       |       |       |       |     1 |       |       |     1 ||     2
       Fruit             |       |       |       |       |     4 |    14 |    15 ||    33
       Pizza             |       |       |       |       |       |     6 |     1 ||     7
